 Dungeon Crawl Stone Soup version 0.19.0-2-gae57169 (webtiles) character file.

652 xeno23 the Firebug (level 7, -1/36 HPs)
             Began as a Deep Elf Fire Elementalist on Nov 5, 2016.
             Succumbed to a worker ant's poison
             ... on level 4 of the Dungeon.
             The game lasted 00:09:25 (3609 turns).

xeno23 the Firebug (Deep Elf Fire Elementalist)     Turns: 3609, Time: 00:09:26

Health: -1/36      AC:  3    Str:  5    XL:     7   Next: 28%
Magic:  1/17       EV: 12    Int: 22    God:
Gold:   263        SH:  4    Dex: 15    Spells: 4 memorised, 4 levels left

rFire  . . .     SeeInvis .     C - +3 falchion
rCold  . . .     Gourm    .     a - +0 robe
rNeg   . . .     Faith    .     D - +0 buckler
rPois  .         Spirit   .     (no helmet)
rElec  .         Reflect  .     (no cloak)
rCorr  .         Harm     .     z - +0 pair of gloves
MR     .....                    (no boots)
Stlth  ++........               (no amulet)
                                (no ring)
                                n - ring of wizardry

@: lethally poisoned (-1 -> -17), flying
A: no striking features
a: no special abilities


You were on level 4 of the Dungeon.
You were very hungry.

You visited 1 branch of the dungeon, and saw 4 of its levels.

You collected 263 gold pieces.

Inventory:

Hand Weapons
 w - a +0 blowgun
 C - a +3 falchion (weapon)
Missiles
 g - 2 javelins (quivered)
 x - 34 poisoned needles
Armour
 a - a +0 robe (worn)
 z - a +0 pair of gloves (worn)
 D - a +0 buckler (worn)
Jewellery
 n - a ring of wizardry (left hand)
Wands
 h - a wand of paralysis (18/24)
 u - a wand of slowing (15/48)
Scrolls
 d - 3 scrolls of blinking {unknown}
 e - 5 scrolls of identify {unknown}
 i - 4 scrolls of remove curse {unknown}
 k - 3 scrolls of recharging {unknown}
 m - 2 scrolls of enchant weapon {unknown}
 o - 2 scrolls of noise {unknown}
 r - a scroll of random uselessness {unknown}
 t - a scroll of amnesia {unknown}
 y - a scroll of fog {unknown}
 F - a scroll of teleportation {unknown}
Potions
 f - a potion of invisibility {unknown}
 j - a potion of flight
 l - 2 potions of heal wounds {unknown}
 p - a potion of magic {unknown}
 s - a potion of brilliance {unknown}
 v - a potion of curing {unknown}
 A - a potion of lignification {unknown}
 B - a potion of degeneration {unknown}
 E - a potion of resistance {unknown}
Books
 b - a book of Flames

   Spells                             Type                      Level
   a - Flame Tongue                   Conjuration/Fire             1
   b - Throw Flame                    Conjuration/Fire             2
   c - Conjure Flame                  Conjuration/Fire             3
   d - Inner Flame                    Hexes/Fire                   3
   e - Sticky Flame                   Conjuration/Fire             4
   f - Fireball                       Conjuration/Fire             5
Comestibles
 c - 4 bread rations
 q - 2 meat rations
 H - 2 royal jellies


   Skills:
 - Level 2.4 Dodging
 - Level 2.4 Stealth
 * Level 1.3 Shields
 + Level 5.6 Spellcasting
 * Level 5.2 Conjurations
 * Level 6.1 Fire Magic


You had 4 spell levels left.
You knew the following spells:

 Your Spells              Type           Power        Failure   Level  Hunger
a - Flame Tongue          Conj/Fire      ####.        1%          1    None
d - Conjure Flame         Conj/Fire      ####....     1%          3    ##.....
q - Fireball              Conj/Fire      ####......   16%         5    #####..
s - Sticky Flame          Conj/Fire      ####....     6%          4    ####...


Dungeon Overview and Level Annotations

Branches:
Dungeon (4/15)
 Temple: D:4-7

Altars:
Cheibriados
Kikubaaqudgha
Sif Muna
Uskayaw

Annotations:
D:4 ReniFell's ghost, novice FoFi


Message History

You are more poisoned.
The worker ant poisons you!
You take 5 damage.
* * * LOW HITPOINT WARNING * * *
You feel sick. You block the worker ant's attack.
You take 2 damage.
* * * LOW HITPOINT WARNING * * *
You feel sick.
You take 1 damage.
It was a potion of flight.
You feel very buoyant.
You fly up into the air.
* * * LOW HITPOINT WARNING * * *
You feel sick.
The worker ant bites you but does no damage.
All of the chunks of flesh in your inventory have rotted away.
You take 2 damage.
You hit ReniFell's ghost.
ReniFell's ghost is heavily damaged.
You die...

#######
#.a...#
###@#.#.#
#.'.W_..#
#.#.#.#.#
#.#.....#
#####
#.########
#...######.#
#.#
#..........#
#.#
#...########
#.# ##.##
#.#


You could see a worker ant and ReniFell's ghost.

Vanquished Creatures
  A black bear (D:4)
  A phantom (D:4)
  An ogre (D:4)
  A necrophage (D:3)
  2 vampire bats (D:3)
  A howler monkey (D:4)
  An orc priest (D:3)
  2 adders
  3 gnolls (D:4)
  An ooze (D:2)
  A worm (D:2)
  3 leopard geckos
  5 orcs
  2 ball pythons
  8 bats
  3 bat skeletons (D:3)
  4 bat zombies (D:3)
  11 giant cockroaches
  7 goblins
  12 hobgoblins
  6 jackals
  8 kobolds
  3 quokkas
  5 frilled lizards
  8 rats
100 creatures vanquished.

Notes
Turn   | Place    | Note
-------+----------+-------------------------------------------
     0 | D:1      | xeno23 the Deep Elf Fire Elementalist began the quest for the Orb.
     0 | D:1      | Reached XP level 1. HP: 10/10 MP: 6/6
    99 | D:1      | Reached XP level 2. HP: 13/15 MP: 6/8
   597 | D:2      | Reached XP level 3. HP: 19/19 MP: 2/10
   758 | D:2      | Reached skill level 4 in Fire Magic
  1094 | D:2      | Reached XP level 4. HP: 24/24 MP: 5/11
  1527 | D:3      | Noticed a necrophage
  1573 | D:2      | Learned a level 3 spell: Conjure Flame
  1578 | D:2      | Learned a level 4 spell: Sticky Flame
  1683 | D:3      | Found a deep blue altar of Sif Muna.
  1941 | D:3      | Found a snail-covered altar of Cheibriados.
  2120 | D:3      | Reached XP level 5. HP: 28/28 MP: 5/13
  2273 | D:3      | Killed a necrophage
  2273 | D:3      | Reached skill level 5 in Fire Magic
  2439 | D:3      | Found an ancient bone altar of Kikubaaqudgha.
  2498 | D:3      | Reached XP level 6. HP: 32/32 MP: 9/15
  2499 | D:3      | Reached skill level 5 in Spellcasting
  2990 | D:4      | Learned a level 5 spell: Fireball
  3399 | D:4      | Reached skill level 1 in Shields
  3399 | D:4      | Reached skill level 5 in Conjurations
  3399 | D:4      | Reached skill level 6 in Fire Magic
  3399 | D:4      | Reached XP level 7. HP: 36/36 MP: 9/17
  3536 | D:4      | Noticed ReniFell's ghost (novice FoFi)
  3591 | D:4      | Found a hide-covered altar of Uskayaw.
  3608 | D:4      | HP: 1/36 [poisoned by a worker ant]
  3609 | D:4      | Succumbed to a worker ant's poison

Skill      XL: |  1  2  3  4  5  6 |
---------------+-------------------+-----
Conjurations   | 2 3 4 5 |  5.2
Fire Magic     | 4 5 6 |  6.1
Spellcasting   | 4 5 |  5.6
Shields        | 1 |  1.3
Dodging        | |  2.4
Stealth        | |  2.4

Action                   |  1- 3 |  4- 6 |  7- 9 || total
-------------------------+-------+-------+-------++-------
Melee: Dagger            |     3 |     9 |       ||    12
       Falchion          |       |       |     4 ||     4
 Cast: Flame Tongue      |    68 |   109 |    15 ||   192
       Conjure Flame     |       |     4 |     5 ||     9
       Sticky Flame      |       |     2 |       ||     2
       Fireball          |       |       |     2 ||     2
  Use: Potion            |       |       |     1 ||     1
 Stab: Sleeping          |     3 |       |       ||     3
  Eat: Chunk             |       |     7 |     1 ||     8
Armor: Robe              |     4 |     8 |     2 ||    14
Dodge: Dodged            |    12 |    30 |     2 ||    44
Block: Buckler           |       |     2 |     2 ||     4
       Rpst.: Falchion   |       |     1 |     1 ||     2
